 Dungeon Crawl Stone Soup version 0.28.0-45-g0d030f2227 (webtiles) character file.

Game seed: 12008374021210074959

114 protoss039 the Digger (level 4, -6/35 HPs)
             Began as a Demonspawn Earth Elementalist on May 20, 2022.
             Killed by divine providence
             ... invoked by an orc priest
              (13 damage)
             ... on level 3 of the Dungeon.
             The game lasted 00:02:52 (2002 turns).

protoss039 the Digger (DsEE)                        Turns: 2002, Time: 00:02:52

Health: -6/35      AC:  4    Str:  8    XL:     4   Next: 67%
Magic:  0/8        EV: 12    Int: 19    God:
Gold:   93         SH:  0    Dex: 13    Spells: 2/8 levels left

rFire   . . .      SeeInvis .   a - +3 flail
rCold   . . .      Faith    .   (no shield)
rNeg    . . .      Spirit   .   b - +0 robe
rPois   .          Reflect  .   (no helmet)
rElec   .          Harm     .   (no cloak)
rCorr   .          Rampage  .   (no gloves)
Will    .....                   (no boots)
Stlth   ++........              (no amulet)
HPRegen 0.11/turn               (no ring)
MPRegen 0.11/turn               (no ring)

@: no status effects
A: yellow scales 1
a: no special abilities


You were on level 3 of the Dungeon.
You visited 1 branch of the dungeon, and saw 3 of its levels.

You collected 93 gold pieces.

Inventory:

Hand Weapons
 a - a +3 flail (weapon)
Missiles
 c - 76 stones
 m - 4 silver boomerangs
Armour
 b - a +0 robe (worn)
Scrolls
 d - a scroll of immolation {unknown}
 f - a scroll of teleportation {unknown}
 i - 2 scrolls of identify {unknown}
Potions
 e - a potion of mutation {unknown}
 g - 2 potions of flight {unknown}
 h - 2 potions of berserk rage {unknown}
 j - a potion of attraction {unknown}
 k - a potion of might {unknown}
 l - a potion of brilliance {unknown}


   Skills:
 * Level 3.0 Fighting
 - Level 1.7 Dodging
 - Level 1.7 Stealth
 + Level 2.8 Spellcasting
 - Level 1.0 Transmutations
 + Level 3.3 Earth Magic


You had 2 spell levels left.
You knew the following spells:

 Your Spells              Type           Power      Damage    Failure   Level
a - Sandblast             Erth           30%        2d9       4%          1
b - Passwall              Tmut/Erth      9%         N/A       10%         2
c - Stone Arrow           Conj/Erth      18%        3d8       24%         3

Your spell library contained the following spells:

 Spells                   Type           Power      Damage    Failure   Level
 Shock                    Conj/Air       8%         1d3       16%         1
 Petrify                  Tmut/Erth      11%        N/A       54%         4


Dungeon Overview and Level Annotations

Branches:
Dungeon (3/15)

Altars:
Qazlal

Shops:
D:3 [


Innate Abilities, Weirdness & Mutations

You are partially covered in yellow scales. (AC +2)


Message History

The orc priest barely misses you.
Unknown command.
Casting: Sandblast (safe; 4% risk of failure)
Confirm with . or Enter, or press ? or * to list all spells.
Aiming: Sandblast (safe; 4% risk of failure)
Press: ? - help, Shift-Dir - straight line, f/p - orc priest
Aim: an orc priest, wielding a +0 whip and wearing a +0 chain mail (85% to hit)
Okay, then.
Casting: Sandblast (safe; 4% risk of failure)
Confirm with . or Enter, or press ? or * to list all spells.
Aiming: Sandblast (safe; 4% risk of failure)
Press: ? - help, Shift-Dir - straight line, f/p - orc priest
Aim: an orc priest, wielding a +0 whip and wearing a +0 chain mail (85% to hit)
The blast of sand hits the orc priest.
The orc priest is lightly wounded.
The orc priest hits you but does no damage.
Unknown command.
Unknown command.
You barely miss the orc priest.
The orc priest is lightly wounded.
The orc priest hits you with a +0 whip.
* * * LOW HITPOINT WARNING * * *
Unknown command.
Casting: Sandblast (safe; 4% risk of failure)
Confirm with . or Enter, or press ? or * to list all spells.
Aiming: Sandblast (safe; 4% risk of failure)
Press: ? - help, Shift-Dir - straight line, f/p - orc priest
Aim: an orc priest, wielding a +0 whip and wearing a +0 chain mail (lightly wounded, 85% to hit)
The blast of sand misses the orc priest.
The orc priest hits you with a +0 whip.
* * * LOW HITPOINT WARNING * * *
You hit the orc priest but do no damage.
The orc priest is lightly wounded.
The orc priest barely misses you.
Unknown command.
You sock the orc priest!
The orc priest is severely wounded.
The orc priest calls down the wrath of Beogh upon you.
Beogh smites you!
You die...

#.. ###...###.#
....#E#...#E#.#
....###...###.#
..............#
........_.....#
#............##
#####)..####
#E#.o.#E#
###.@.### #####


You could see an earth elemental, a water elemental, a fire elemental, an air
elemental and an orc priest.

Vanquished Creatures
  An orc priest (D:3)
  3 adders
  An adder skeleton (D:2)
  3 worms (D:2)
  2 dart slugs (D:2)
  3 orcs (D:3)
  2 endoplasms (D:1)
  4 giant cockroaches
  2 goblins
  2 hobgoblins (D:2)
  4 quokkas (D:2)
  6 ball pythons
  2 bats
  2 frilled lizards
  6 rats
43 creatures vanquished.

Notes
Turn   | Place    | Note
-------+----------+-------------------------------------------
     0 | D:1      | protoss039 the Demonspawn Earth Elementalist began the
                  | quest for the Orb.
     0 | D:1      | Reached XP level 1. HP: 13/13 MP: 3/3
    11 | D:1      | Reached skill level 1 in Transmutations
   227 | D:1      | Found a faded altar of an unknown god.
   249 | D:1      | Got Plato's Reference Book on Feathers
   482 | D:1      | Reached skill level 1 in Fighting
   482 | D:1      | Gained mutation: You are partially covered in yellow
                  | scales. (AC +2) [demonic ancestry]
   482 | D:1      | Reached XP level 2. HP: 18/21 MP: 5/5
   849 | D:2      | Identified the amulet of Sunlight {Faith rN+}
   855 | D:2      | Reached XP level 3. HP: 19/27 MP: 1/6
  1727 | D:2      | Reached XP level 4. HP: 34/34 MP: 7/7
  1763 | D:2      | Learned a level 2 spell: Passwall
  1767 | D:2      | Learned a level 3 spell: Stone Arrow
  1947 | D:3      | Found Axefecum's Armour Shop.
  1974 | D:3      | Noticed a water elemental
  1976 | D:3      | Found a stormy altar of Qazlal.
  1978 | D:3      | Noticed an earth elemental
  1978 | D:3      | Noticed an air elemental
  1978 | D:3      | Noticed a fire elemental
  2002 | D:3      | Killed from afar by an orc priest

Illustrated notes

Levels and vault maps discovered:
D:1:      dpeg_arrival_fog, layout_basic, shapermc_ecumenical_altar_rom_forum,
          minmay_worlds_worst_comb
D:2:      layout_rooms, minmay_misc_feat_enclosed
D:3:      minmay_evil_eye, layout_loops_corners,
          nicolae_qazlal_style_of_elements, serial_shops,
          nicolae_shop_statue_plus, shop, shop, nicolae_shop_hallway_stairs,
          shop

Skill      XL: |  1  2  3  4 |
---------------+-------------+-----
Transmutations | 1 |  1.0
Fighting       | 1 2 3 |  3.0
Earth Magic    | 3 |  3.3
Dodging        | |  1.7
Stealth        | |  1.7
Spellcasting   | |  2.8

Action                   |  1- 3 |  4- 6 || total
-------------------------+-------+-------++-------
Melee: Unarmed           |    10 |       ||    10
       Flail             |    65 |    19 ||    84
 Cast: Sandblast         |    15 |    11 ||    26
 Stab: Sleeping          |     3 |       ||     3
Armor: Robe              |    27 |     9 ||    36
Dodge: Dodged            |    61 |    14 ||    75
